 Dungeon Crawl Stone Soup version 0.26.1-15-g04117e645d (webtiles) character file.

Game seed: 17911519535663035237

2999 Cheivey the Cleaver (level 9, -12/79 HPs)
             Began as a Hill Orc Fighter on Apr 13, 2022.
             Was a Priest of Dithmenos.
             Mangled by a two-headed ogre
             ... wielding a +0 giant club
              (15 damage)
             ... on level 7 of the Dungeon.
             The game lasted 00:07:57 (6914 turns).

Cheivey the Cleaver (Hill Orc Fighter)              Turns: 6914, Time: 00:07:58

Health: -12/79     AC: 17    Str: 26    XL:     9   Next: 84%
Magic:  9/9        EV:  7    Int:  5    God:    Dithmenos [***...]
Gold:   376        SH: 11    Dex: 10    Spells: 8/8 levels left

rFire    . . .     SeeInvis .   a - +1 war axe
rCold    . . .     Faith    .   c - +0 kite shield
rNeg     . . .     Spirit   .   h - +6 chain mail "Balaholu" {rPois Str+4 Int-3 Slay+5}
rPois    +         Reflect  .   i - +0 helmet
rElec    .         Harm     .   (no cloak)
rCorr    .         Rampage  .   (no gloves)
Will     +....                  (no boots)
Stlth    ..........             (no amulet)
HPRegen  0.23/turn              j - ring of willpower
MPRegen  0.11/turn              (no ring)

@: mighty, marked, hasted, wreathed by umbra, very quick
A: no striking features
a: Renounce Religion, Shadow Step


You were on level 7 of the Dungeon.
You worshipped Dithmenos.
Dithmenos was most pleased with you.
You visited 1 branch of the dungeon, and saw 7 of its levels.

You collected 376 gold pieces.

Inventory:

Hand Weapons
 a - a +1 war axe (weapon)
 u - a +0 mace of protection
Armour
 b - a +0 scale mail
 c - a +0 kite shield (worn)
 h - the +6 chain mail "Balaholu" (worn) {rPois Str+4 Int-3 Slay+5}
   (You found it on level 5 of the Dungeon)

   It affects your strength (+4).
   It affects your intelligence (-3).
   It affects your accuracy and damage with ranged weapons and melee attacks
   (+5).
   It protects you from poison.
 i - a +0 helmet (worn)
Jewellery
 j - a ring of willpower (left hand)
Wands
 l - a wand of disintegration (9)
 v - a wand of digging (5)
Scrolls
 e - 3 scrolls of teleportation
 n - 3 scrolls of identify
 q - a scroll of amnesia
 r - 2 scrolls of remove curse
 t - a scroll of enchant weapon
Potions
 d - a potion of curing
 f - a potion of flight {unknown}
 g - a potion of brilliance
 o - a potion of mutation {unknown}
 p - a potion of attraction


   Skills:
 + Level 7.0 Fighting
 + Level 11.7 Axes
 + Level 7.3 Armour
 + Level 1.9 Dodging
 + Level 1.2 Stealth
 + Level 6.5 Shields


You had 8 spell levels left.
You didn't know any spells.
Your spell library was empty.

Dungeon Overview and Level Annotations

Branches:
Dungeon (7/15)             Temple (0/1) D:4

Altars:
Cheibriados
Dithmenos
Kikubaaqudgha
Yredelemnul

Shops:
D:4 =   D:5 !


Message History

You are too injured to fight recklessly!
You are too injured to fight recklessly!
You are too injured to fight recklessly!
You are too injured to fight recklessly!
You are too injured to fight recklessly!
You are too injured to fight recklessly!
You are too injured to fight recklessly!
You are too injured to fight recklessly!
You are too injured to fight recklessly!
You are too injured to fight recklessly!
You are too injured to fight recklessly!
You slash the two-headed ogre!
The two-headed ogre is moderately wounded.
Unknown command.
You slice the two-headed ogre!!
The two-headed ogre is severely wounded.
The two-headed ogre hits you with a +0 giant club!!
* * * LOW HITPOINT WARNING * * *
The two-headed ogre hits you with a +0 giant spiked club!
You die...

### ###.# #.#.# ### #@#.# #.#
#O#.#######.######
######.#......)<.......
..................######
###...#.#.##.#.##.# #
#...#.#..#....#.# #
#...#.##.#....#.# #
#######...#.........#.# #
###...........#.###...#.######


You could see a two-headed ogre.

Vanquished Creatures
  Harold (D:7)
  A troll (D:7)
  Sigmund (D:3)
  Eustachio (D:5)
  A sky beast (D:4)
  2 orc warriors (D:7)
  A necrophage (D:7)
  5 ogres
  2 bullfrogs (D:6)
  4 scorpions
  A bullfrog zombie (D:5)
  A hound (D:5)
  3 orc priests
  An iguana (D:4)
  2 orc wizards
  Natasha (thrice) (D:3)
  A worker ant (D:4)
  A hound skeleton (D:4)
  2 worker ant zombies
  A howler monkey zombie (D:7)
  4 gnolls (D:7)
  A howler monkey skeleton (D:4)
  11 adders
  2 white imps
  An ooze (D:3)
  2 ufetubi (D:7)
  4 worms
  3 dart slugs
  7 leopard geckos
  18 orcs
  3 giant cockroaches
  11 goblins
  9 hobgoblins
  15 jackals
  5 quokkas
  7 bats
  8 frilled lizards
  2 jackal skeletons (D:7)
  4 kobolds
  A leopard gecko skeleton (D:5)
  A quokka skeleton (D:4)
  5 rats
159 creatures vanquished.

Vanquished Creatures (others)
  11 plants (D:1)
11 creatures vanquished.

Grand Total: 170 creatures vanquished

Notes
Turn   | Place    | Note
-------+----------+-------------------------------------------
     0 | D:1      | Cheivey the Hill Orc Fighter began the quest for the Orb.
     0 | D:1      | Reached XP level 1. HP: 19/19 MP: 1/1
    69 | D:1      | Reached XP level 2. HP: 24/27 MP: 2/2
   367 | D:1      | Reached skill level 3 in Axes
   519 | D:1      | Reached XP level 3. HP: 33/33 MP: 3/3
  1591 | D:2      | Noticed an ogre
  1603 | D:2      | Killed an ogre
  1604 | D:2      | Reached skill level 4 in Axes
  1604 | D:2      | Reached XP level 4. HP: 14/40 MP: 4/4
  1604 | D:2      | Reached XP level 5. HP: 16/46 MP: 5/5
  2206 | D:2      | Found a shadowy altar of Dithmenos.
  2212 | D:2      | Became a worshipper of Dithmenos the Shadowed
  2740 | D:3      | Noticed Natasha
  2743 | D:3      | Reached skill level 5 in Axes
  2759 | D:3      | Killed Natasha
  2879 | D:3      | Noticed Natasha
  2887 | D:3      | Killed Natasha
  2888 | D:3      | Reached XP level 6. HP: 35/53 MP: 6/6
  3024 | D:3      | Reached * piety under Dithmenos
  3046 | D:3      | Reached skill level 6 in Axes
  3060 | D:3      | Noticed Natasha
  3063 | D:3      | Noticed Sigmund
  3069 | D:3      | Killed Natasha
  3081 | D:3      | Killed Sigmund
  3082 | D:3      | Reached skill level 1 in Dodging
  3082 | D:3      | Reached XP level 7. HP: 60/60 MP: 7/7
  3220 | D:3      | Found a snail-covered altar of Cheibriados.
  3762 | D:4      | Found Ehitox's Jewellery Boutique.
  3855 | D:4      | Reached ** piety under Dithmenos
  3856 | D:4      | Reached skill level 7 in Axes
  3951 | D:4      | Found a staircase to the Ecumenical Temple.
  3961 | D:4      | Reached skill level 5 in Armour
  4041 | D:4      | Reached skill level 5 in Fighting
  4559 | D:5      | Entered Level 5 of the Dungeon
  4616 | D:5      | Found Caleit's Distillery.
  4624 | D:5      | Reached skill level 8 in Axes
  4633 | D:5      | Noticed Eustachio
  4649 | D:5      | Killed Eustachio
  4650 | D:5      | Reached skill level 5 in Shields
  4650 | D:5      | Reached XP level 8. HP: 58/69 MP: 8/8
  5069 | D:5      | Reached skill level 9 in Axes
  5470 | D:5      | Got a pitted chain mail
  5481 | D:5      | Identified the +6 chain mail "Balaholu" {rPois Str+4 Int-3
                  | Slay+5} (You found it on level 5 of the Dungeon)
  5621 | D:6      | Found a basalt altar of Yredelemnul.
  5839 | D:6      | Reached skill level 1 in Stealth
  6176 | D:6      | Found an ancient bone altar of Kikubaaqudgha.
  6257 | D:7      | Reached skill level 10 in Axes
  6291 | D:7      | Reached XP level 9. HP: 75/75 MP: 9/9
  6295 | D:7      | Reached *** piety under Dithmenos
  6730 | D:7      | Noticed a seven-headed hydra
  6730 | D:7      | Noticed a two-headed ogre
  6730 | D:7      | Noticed a troll
  6730 | D:7      | Noticed a purple ugly thing
  6869 | D:7      | Noticed Harold
  6880 | D:7      | Killed Harold
  6881 | D:7      | Reached skill level 11 in Axes
  6909 | D:7      | Killed a troll
  6914 | D:7      | HP: 3/79 [two-headed ogre/+0 giant club (22)]
  6914 | D:7      | Mangled by a two-headed ogre

Illustrated notes

Levels and vault maps discovered:
D:1:      mainiacjoe_arrival_reflecting_pool, layout_loops_corners,
          chequers_big_river, glass_columns_b, chequers_serial_rivers_micro_b,
          chequers_serial_rivers_small_3
D:2:      layout_basic, lemuel_doored_altar
D:3:      layout_basic, nicolae_overflow_crystal_walls, uniq_natasha,
          uniq_sigmund
D:4:      layout_loops_cross, minmay_temple_entry_ruins, serial_shops,
          kennysheep_little_box
D:5:      layout_cave_pools, serial_shops, shop_fountains, uniq_eustachio
D:6:      layout_loops_ring, kiku_gazebo_pond_becter, general_overflow_altar
D:7:      minmay_chambers_of_sevens, layout_basic, serial_shops, shop,
          uniq_crazy_yiuf_cottage, uniq_harold

Skill      XL: |  1  2  3  4  5  6  7  8  9 |
---------------+----------------------------+-----
Axes           | 3 4 5 6 8 10 11 | 11.7
Armour         | 4 5 6 7 |  7.3
Fighting       | 4 5 6 7 |  7.0
Shields        | 4 5 6 |  6.5
Dodging        | 1 |  1.9
Stealth        | 1 |  1.2

Action                   |  1- 3 |  4- 6 |  7- 9 || total
-------------------------+-------+-------+-------++-------
Melee: War axe           |    91 |   148 |   285 ||   524
  Use: Potion            |     1 |    12 |     5 ||    18
       Scroll            |       |     4 |     2 ||     6
 Stab: Invisible         |       |       |     1 ||     1
Armor: Scale mail        |    35 |    57 |    69 ||   161
       Skin              |       |     2 |     2 ||     4
       Chain mail        |       |       |    27 ||    27
Dodge: Dodged            |    34 |    41 |    81 ||   156
Block: Kite shield       |    40 |    60 |   116 ||   216
